Workbook
Name Print_Area_MI: #REF!

Sheet Summary Budget
C2: BEEF COW/CALF ENTERPRISE BUDGET | M2: 2025
C3: Estimated Costs and Returns - San Luis Valley (with Public Lands grazing)
C6: PRODUCTION ASSUMPTIONS | K6: PRODUCTION SUMMARY
C8: Exposed Females (Cows & Heifers) | G8: ='Assumptions + Income'!G7 -> 200 | K8: Weaned Calf Crop | M8: ='Assumptions + Income'!G12 -> 0.9
C9: Cow Death Loss | G9: ='Assumptions + Income'!G9 -> 0.05 | K9: Percentage Steers | M9: ='Assumptions + Income'!E13 -> 0.5
C10: Cow Replacement Rate | G10: ='Assumptions + Income'!G10 -> 0.1 | K10: Total Calves Weaned (head) | M10: ='Assumptions + Income'!M7 -> 180
C11: Cows Per Bull | G11: ='Assumptions + Income'!G8 -> 25 | K11: Steers (head) | M11: ='Assumptions + Income'!M8 -> 90
C12: Number of Bulls | G12: ='Assumptions + Income'!M14 -> 8 | K12: Total Heifers (head) | M12: ='Assumptions + Income'!M9 -> 90
C13: Bull Replacement Rate | G13: ='Assumptions + Income'!G11 -> 0.15
K14: Heifers Retained (head) | M14: ='Assumptions + Income'!M11 -> 40
C15: Replacement Heifers Retained | G15: ='Assumptions + Income'!G14 -> 0.2 | K15: Heifers Sold (head) | M15: ='Assumptions + Income'!M12 -> 50
C18: GROSS REVENUES FROM PRODUCTION
E19: Avg. Mkt | G19: Net Sale | K19: Value
C20: Animal | E20: Weight | G20: Price | K20: Per Head | L20: Total | M20: Per Cow
C21: Type | D21: Head | E21: lbs | G21: $/Cwt | K21: $/Hd | L21: $ | M21: $
C23: Steer Calves | D23: ='Assumptions + Income'!D29 -> 90 | E23: ='Assumptions + Income'!E29 -> 700 | G23: ='Assumptions + Income'!G29 -> 350 | K23: =E23*(G23/100) -> 2450 | L23: =K23*D23 -> 220500 | M23: =L23/$G$8 -> 1102.5
C24: Heifer Calves | D24: ='Assumptions + Income'!D30 -> 50 | E24: ='Assumptions + Income'!E30 -> 650 | G24: ='Assumptions + Income'!G30 -> 325 | K24: =E24*(G24/100) -> 2112.5 | L24: =K24*D24 -> 105625 | M24: =L24/$G$8 -> 528.125
C25: Yearling Heifers | D25: ='Assumptions + Income'!D31 -> 10 | E25: ='Assumptions + Income'!E31 -> 650 | G25: ='Assumptions + Income'!G31 -> 325 | K25: =E25*(G25/100) -> 2112.5 | L25: =K25*D25 -> 21125 | M25: =L25/$G$8 -> 105.625
C26: Cull Cows | D26: ='Assumptions + Income'!D32 -> 20 | E26: ='Assumptions + Income'!E32 -> 1250 | G26: ='Assumptions + Income'!G32 -> 168 | K26: =E26*(G26/100) -> 2100 | L26: =K26*D26 -> 42000 | M26: =L26/$G$8 -> 210
C27: Cull Bulls | D27: ='Assumptions + Income'!D33 -> 1 | E27: ='Assumptions + Income'!E33 -> 2100 | G27: ='Assumptions + Income'!G33 -> 120 | K27: =E27*(G27/100) -> 2520 | L27: =K27*D27 -> 2520 | M27: =L27/$G$8 -> 12.6
C28: Other | L28: 0 | M28: =L28/$G$8 -> 0
C30: Total | L30: =SUM(L23:L29) -> 391770 | M30: =SUM(M23:M29) -> 1958.85
C32: DIRECT CASH OPERATING EXPENSES
L33: Total | M33: Per Cow
C34: Purchased Feed and Pasture | L34: ='Cow Carrying Costs'!I14+'Cow Carrying Costs'!I25 -> 133793 | M34: =L34/$G$8 -> 668.965
C35: Land | L35: ='Cow Carrying Costs'!I37 -> 0 | M35: =L35/$G$8 -> 0
C36: Livestock Medical and Breeding | L36: ='Cow Carrying Costs'!I52 -> 23372 | M36: =L36/$G$8 -> 116.86
C37: Livestock Supplies | L37: ='Cow Carrying Costs'!I63 -> 11400 | M37: =L37/$G$8 -> 57
C38: Marketing | L38: ='Cow Carrying Costs'!I78 -> 11016.8 | M38: =L38/$G$8 -> 55.084
C39: Machinery and Equipment | L39: ='Cow Carrying Costs'!I90 -> 10000 | M39: =L39/$G$8 -> 50
C40: Labor | L40: ='Cow Carrying Costs'!I104 -> 75000 | M40: =L40/$G$8 -> 375
C41: Interest | L41: ='Cow Carrying Costs'!I115 -> 10913.999 | M41: =L41/$G$8 -> 54.569996
C43: Total Direct Cash Operating Expenses | L43: =SUM(L34:L42) -> 275495.8 | M43: =SUM(M34:M42) -> 1377.479
C45: NET RECEIPTS
L46: Total | M46: Per Cow
C47: Gross Revenues | L47: =L30 -> 391770 | M47: =M30 -> 1958.85
C48: Total Direct Cash Operating Expenses | L48: =L43 -> 275495.8 | M48: =M43 -> 1377.479
C49: General Overhead | L49: ='Cow Carrying Costs'!I131 -> 60800 | M49: ='Cow Carrying Costs'!H131 -> 304
C50: Non-Cash Expenses (Depreciation on bulls) | L50: ='Cow Carrying Costs'!I125 -> 7200 | M50: =L50/G8 -> 36
C52: Net Receipts | L52: =L47-L48-L49-L50 -> 48274.201 | M52: =M47-M48-M49-M50 -> 241.371
C54: TOTAL ANNUAL "COW COSTS" | M54: =M48+M49+M51 -> 1681.479
C56: BREAK-EVEN PRICES FOR CALVES (average price for all calves sold)
C57: Weaning | D57: Avg. Weaning | E57: Annual Cow Carrying Costs
C58: Percent | D58: Weight | E58: =K58-200 -> 1481.479 | G58: =K58-100 -> 1581.479 | K58: =M54 -> 1681.479 | L58: =K58+100 -> 1781.479 | M58: =K58+200 -> 1881.479
C59: 0.75 | D59: 400 | E59: =E$58/($C$59*$D59) -> 4.9382633 | G59: =G$58/($C$59*$D59) -> 5.2715967 | K59: =K$58/($C$59*$D59) -> 5.60493 | L59: =L$58/($C$59*$D59) -> 5.9382633 | M59: =M$58/($C$59*$D59) -> 6.2715967
D60: 500 | E60: =E$58/($C$59*$D60) -> 3.9506107 | G60: =G$58/($C$59*$D60) -> 4.2172773 | K60: =K$58/($C$59*$D60) -> 4.483944 | L60: =L$58/($C$59*$D60) -> 4.7506107 | M60: =M$58/($C$59*$D60) -> 5.0172773
D61: 600 | E61: =E$58/($C$59*$D61) -> 3.2921755 | G61: =G$58/($C$59*$D61) -> 3.5143978 | K61: =K$58/($C$59*$D61) -> 3.73662 | L61: =L$58/($C$59*$D61) -> 3.9588422 | M61: =M$58/($C$59*$D61) -> 4.1810644
C62: 0.8 | D62: 400 | E62: =E$58/($C$62*$D62) -> 4.6296219 | G62: =G$58/($C$62*$D62) -> 4.9421219 | K62: =K$58/($C$62*$D62) -> 5.2546219 | L62: =L$58/($C$62*$D62) -> 5.5671219 | M62: =M$58/($C$62*$D62) -> 5.8796219
D63: 500 | E63: =E$58/($C$62*$D63) -> 3.7036975 | G63: =G$58/($C$62*$D63) -> 3.9536975 | K63: =K$58/($C$62*$D63) -> 4.2036975 | L63: =L$58/($C$62*$D63) -> 4.4536975 | M63: =M$58/($C$62*$D63) -> 4.7036975
D64: 600 | E64: =E$58/($C$62*$D64) -> 3.0864146 | G64: =G$58/($C$62*$D64) -> 3.2947479 | K64: =K$58/($C$62*$D64) -> 3.5030812 | L64: =L$58/($C$62*$D64) -> 3.7114146 | M64: =M$58/($C$62*$D64) -> 3.9197479
C65: 0.9 | D65: 400 | E65: =E$58/($C$65*$D65) -> 4.1152194 | G65: =G$58/($C$65*$D65) -> 4.3929972 | K65: =K$58/($C$65*$D65) -> 4.670775 | L65: =L$58/($C$65*$D65) -> 4.9485528 | M65: =M$58/($C$65*$D65) -> 5.2263305
D66: 500 | E66: =E$58/($C$65*$D66) -> 3.2921755 | G66: =G$58/($C$65*$D66) -> 3.5143978 | K66: =K$58/($C$65*$D66) -> 3.73662 | L66: =L$58/($C$65*$D66) -> 3.9588422 | M66: =M$58/($C$65*$D66) -> 4.1810644
D67: 600 | E67: =E$58/($C$65*$D67) -> 2.7434796 | G67: =G$58/($C$65*$D67) -> 2.9286648 | K67: =K$58/($C$65*$D67) -> 3.11385 | L67: =L$58/($C$65*$D67) -> 3.2990352 | M67: =M$58/($C$65*$D67) -> 3.4842204
C68: 0.95 | D68: 400 | E68: =E$58/($C$68*$D68) -> 3.8986289 | G68: =G$58/($C$68*$D68) -> 4.1617868 | K68: =K$58/($C$68*$D68) -> 4.4249447 | L68: =L$58/($C$68*$D68) -> 4.6881026 | M68: =M$58/($C$68*$D68) -> 4.9512605
D69: 500 | E69: =E$58/($C$68*$D69) -> 3.1189032 | G69: =G$58/($C$68*$D69) -> 3.3294295 | K69: =K$58/($C$68*$D69) -> 3.5399558 | L69: =L$58/($C$68*$D69) -> 3.7504821 | M69: =M$58/($C$68*$D69) -> 3.9610084
D70: 600 | E70: =E$58/($C$68*$D70) -> 2.599086 | G70: =G$58/($C$68*$D70) -> 2.7745246 | K70: =K$58/($C$68*$D70) -> 2.9499632 | L70: =L$58/($C$68*$D70) -> 3.1254017 | M70: =M$58/($C$68*$D70) -> 3.3008403
C71: Calculation: Annual Cow Costs divided by Weaning Weight times Weaning Percent.

Sheet Assumptions + Income
C1: BEEF COW/CALF ENTERPRISE BUDGET | M1: 2025
C2: Estimated Costs and Returns - San Luis Valley
Q4: No grazing on public land
C5: PRODUCTION ASSUMPTIONS | K5: PRODUCTION SUMMARY
C7: Exposed Females (Cows & Heifers) | G7: 200 | K7: Total Calves Weaned (head) | M7: =ROUND(G7*G12,0) -> 180
C8: Cows Per Bull | G8: 25 | K8: Steers (head) | M8: =ROUND(M7*E13,0) -> 90 | Q8: 1 bull to 17 cows. Bulls are younger.
C9: Cow Death Loss | G9: 0.05 | K9: Total Heifers (head) | M9: =M7-M8 -> 90 | Q9: Other variables include whether there is AI.
C10: Cow Replacement Rate | G10: 0.1
C11: Bull Replacement Rate | G11: 0.15 | K11: Heifers Retained (head) | M11: =ROUND(G7*G14,0) -> 40 | Q11: 3% cow death loss
C12: Weaned Calf Crop | G12: 0.9 | K12: Heifers Sold (head) | M12: =ROUND(M9-M11,0) -> 50
C13: Percentage Steers | E13: 0.5 | K13: Yearling Heifers Sold (head) | M13: =ROUND(M11-(G7*(G9+G10)),0) -> 10
C14: Replacement Heifers Retained | G14: 0.2 | K14: Number of Bulls (head) | M14: =ROUND(G7/G8,0) -> 8
C17: MANAGEMENT PRACTICES
C19: 1. Calves born March-May and weaned and sold October/November.
C20: 2. Feeding Period = 5 Months (Dec, Jan, Feb, Mar, Apr) / Grazing Period = 7 months Going to forest on May 1st
C21: Go onto permit on May 1st.
C24: GROSS REVENUES FROM PRODUCTION
E25: Avg. Mkt | G25: Net Sale | K25: Value
C26: Animal | E26: Weight | G26: Price | K26: Per Head | L26: Total | M26: Per Cow
C27: Type | D27: Head | E27: lbs | G27: $/Cwt | K27: $/Hd | L27: $ | M27: $
C29: Steers | D29: =M8 -> 90 | E29: 700 | G29: 350 | K29: =E29*(G29/100) -> 2450 | L29: =K29*D29 -> 220500 | M29: =L29/$G$7 -> 1102.5
C30: Heifers | D30: =M12 -> 50 | E30: 650 | G30: 325 | K30: =E30*(G30/100) -> 2112.5 | L30: =K30*D30 -> 105625 | M30: =L30/$G$7 -> 528.125
C31: Yearling Heifers | D31: =M13 -> 10 | E31: 650 | G31: 325 | K31: =E31*(G31/100) -> 2112.5 | L31: =K31*D31 -> 21125 | M31: =L31/$G$7 -> 105.625
C32: Cull Cows | D32: =G7*G10 -> 20 | E32: 1250 | G32: 168 | K32: =E32*(G32/100) -> 2100 | L32: =K32*D32 -> 42000 | M32: =L32/$G$7 -> 210
C33: Cull Bulls | D33: =ROUNDDOWN(M14*G11,0) -> 1 | E33: 2100 | G33: 120 | K33: =E33*(G33/100) -> 2520 | L33: =K33*D33 -> 2520 | M33: =L33/$G$7 -> 12.6
C34: Other | L34: 2500 | M34: =L34/$G$7 -> 12.5
C36: Total | D36: =SUM(D29:D35) -> 171 | L36: =SUM(L29:L35) -> 394270 | M36: =SUM(M29:M35) -> 1971.35
G38: =D29*E29 -> 63000
G39: =D30*E30 -> 32500
G40: =D31*E31 -> 6500
G41: =D32*E32 -> 25000
G42: =D33*E33 -> 2100
G43: =SUM(G38:G42) -> 129100

Sheet Cow Carrying Costs
C2: PURCHASED FEED
E3: Lbs Per Day | G3: Price | H3: Cost
C4: Description | D4: Unit | E4: Per Cow | F4: Days | G4: Per Unit | H4: Per Cow | I4: Per Herd
C6: Alfalfa Hay | D6: tons | E6: 13 | F6: 75 | G6: 150 | H6: =E6*F6*(G6/2000) -> 73.125 | I6: =H6*'Assumptions + Income'!$G$7 -> 14625 | L6: 105 days of windrows - 30 days of triticale + 30 dayes of grass + 30 days of grass/alfalfa mix @ $50/ton. Ray = $40 less for alfalfa and Tricale. Also, hauls potaotes
C7: Triticale/Other | D7: tons | E7: 30 | F7: 150 | G7: 100 | H7: =E7*F7*(G7/2000) -> 225 | I7: =H7*'Assumptions + Income'!$G$7 -> 45000
C8: Grass Hay | D8: tons | E8: 0 | F8: 0 | G8: 0 | H8: =E8*F8*(G8/2000) -> 0 | I8: =H8*'Assumptions + Income'!$G$7 -> 0
C9: Grain/Concentrates | D9: lbs | E9: 0 | F9: 0 | G9: 0 | H9: =E9*F9*G9 -> 0 | I9: =H9*'Assumptions + Income'!$G$7 -> 0
C10: Protein Supplements | D10: tons | E10: 1.7 | F10: 150 | G10: 400 | H10: =E10*F10*(G10/2000) -> 51 | I10: =H10*'Assumptions + Income'!$G$7 -> 10200
C11: Salt/Mineral | D11: lbs | E11: 0.1 | F11: 365 | G11: 0.16 | H11: =E11*F11*(G11) -> 5.84 | I11: =H11*'Assumptions + Income'!$G$7 -> 1168
C12: Other Livestock Feed | D12: dollars | H12: 0 | I12: =H12*'Assumptions + Income'!$G$7 -> 0
C14: Subtotal of Livestock Feed | E14: =SUM(E6:E13) -> 44.8 | H14: =SUM(H6:H13) -> 354.965 | I14: =SUM(I6:I13) -> 70993 | L14: Supplement = $61/cow
L15: RioMix = $480 per 250lb tub = $3840 per ton
C16: PASTURE | L16: $8 for 50 lb block of salt =
G17: Price | H17: Cost | L17: =8/50 -> 0.16
C18: Description | D18: Unit | E18: Quantity | F18: Days | G18: Per Unit | H18: Per Cow | I18: Per Herd
C20: Pasture (owned) | D20: head | E20: 200 | F20: 60 | G20: 1 | H20: =F20*G20 -> 60 | I20: =E20*F20*G20 -> 12000 | L20: alfalfa stubble
C21: Pasture (leased) | D21: head | E21: 200 | F21: 60 | G21: 1 | H21: =F21*G21 -> 60 | I21: =E21*F21*G21 -> 12000
C22: Pasture (public) | D22: aums | E22: 200 | F22: 120 | G22: 1.35 | H22: =F22*G22 -> 162 | I22: =E22*F22*G22 -> 32400 | L22: $1.35 per aum for 4 months. Going to $1.69 in 2026
C23: Other (trucking) | D23: trips | E23: 8 | F23: 1 | G23: 800 | H23: =(F23*G23)/200 -> 4 | I23: =E23*F23*G23 -> 6400 | L23: Trucking to permitted land
C25: Subtotal of Livestock Feed | H25: =SUM(H20:H24) -> 286 | I25: =SUM(I20:I24) -> 62800
L26: =H14+H25 -> 640.965
C27: LAND EXPENSES
F28: Price | H28: Cost
C29: Description | D29: Unit | E29: Quantity | F29: Per Unit | H29: Per Cow | I29: Per Herd
C31: Fert. & Chem. | D31: acre | E31: 0 | F31: 0 | H31: =I31/'Assumptions + Income'!$G$7 -> 0 | I31: =E31*F31 -> 0
C32: Irrigation Supplies | D32: dollars | H32: =I32/'Assumptions + Income'!$G$7 -> 0 | I32: 0
C33: M&R Land and Bldgs. | D33: dollars | E33: 0 | F33: 1 | H33: =I33/'Assumptions + Income'!$G$7 -> 0 | I33: =E33*F33 -> 0
C34: Insur. (Bld, Mach., Lvst.) | D34: dollars | E34: 0 | F34: 1 | H34: =I34/'Assumptions + Income'!$G$7 -> 0 | I34: =E34*F34 -> 0
C35: Other | D35: dollars | E35: 0 | F35: 1 | H35: =I35/'Assumptions + Income'!$G$7 -> 0 | I35: =E35*F35 -> 0
C37: Subtotal of Land | H37: =SUM(H31:H36) -> 0 | I37: =SUM(I31:I36) -> 0
C39: LIVESTOCK MEDICAL & BREEDING EXPENSES
F40: Price | H40: Cost
C41: Description | D41: Unit | E41: Quantity | F41: Per Unit | H41: Per Cow | I41: Per Herd
C43: Calf Vaccines | D43: calves | E43: ='Assumptions + Income'!G7 -> 200 | F43: =(5.1*3)+(1.38*2) -> 18.06 | H43: =I43/'Assumptions + Income'!$G$7 -> 18.06 | I43: =E43*F43 -> 3612 | L43: Vista = $5.10 per dose @ 3 times
C44: Breeding Vaccines | D44: cows | E44: ='Assumptions + Income'!G$7 -> 200 | F44: 6 | H44: =I44/'Assumptions + Income'!$G$7 -> 6 | I44: =E44*F44 -> 1200 | L44: 8-way = $1.38 per dose @ 1 time (some give 2x)
C45: A.I. | D45: cows | E45: ='Assumptions + Income'!G$7 -> 200 | F45: =25+18+30 -> 73 | H45: =I45/'Assumptions + Income'!$G$7 -> 73 | I45: =E45*F45 -> 14600 | L45: Drugs = $25 + Semem = $18 + Labor =$30
C46: Other Vaccines | H46: =I46/'Assumptions + Income'!$G$7 -> 2.4 | I46: =40*12 -> 480 | L46: Bangs for heifers @ $12
C47: Pregnancy Test | D47: cows | E47: ='Assumptions + Income'!G7 -> 200 | F47: 6.75 | H47: =I47/'Assumptions + Income'!$G$7 -> 6.75 | I47: =E47*F47 -> 1350
C48: Bull Fertility Test | D48: bulls | E48: ='Assumptions + Income'!M14 -> 8 | F48: 110 | H48: =I48/'Assumptions + Income'!$G$7 -> 4.4 | I48: =E48*F48 -> 880
C49: Medical Supplies | H49: =I49/'Assumptions + Income'!$G$7 -> 4.5 | I49: 900 | L49: Misc supplies, extra/wasted vaccines, misc medicines, etc.
C50: Other | H50: =I50/'Assumptions + Income'!$G$7 -> 1.75 | I50: =175*2 -> 350 | L50: Pap testing @ $175 x 2
C52: Subtotal of Livestock Medical and Breeding | H52: =SUM(H43:H51) -> 116.86 | I52: =SUM(I43:I51) -> 23372
C54: LIVESTOCK SUPPLIES
F55: Price | H55: Cost
C56: Description | D56: Unit | E56: Quantity | F56: Per Unit | H56: Per Cow | I56: Per Herd
C58: Feeding Supplies | D58: each | E58: ='Assumptions + Income'!$G$7 -> 200 | F58: 5 | H58: =I58/'Assumptions + Income'!$G$7 -> 5 | I58: =E58*F58 -> 1000
C59: Tack | H59: =I59/'Assumptions + Income'!$G$7 -> 0 | I59: 0
C60: Ear Tags | D60: each | E60: ='Assumptions + Income'!$G$7 -> 200 | F60: 2 | H60: =I60/'Assumptions + Income'!$G$7 -> 2 | I60: =E60*F60 -> 400 | L60: Does not include RFID tags
C61: Other | H61: =I61/'Assumptions + Income'!$G$7 -> 50 | I61: 10000 | L61: Fencing = $2,000 + $8,000 for labor
C63: Subtotal of Livestock Supplies | H63: =SUM(H58:H62) -> 57 | I63: =SUM(I58:I62) -> 11400
C65: MARKETING
F66: Price | H66: Cost
C67: Description | D67: Unit | E67: Quantity | F67: Per Unit | H67: Per Cow | I67: Per Herd
L68: 171 hd mixed load | 129,000 lbs = 3 loads
C69: Freight and Trucking | D69: miles | E69: 375 | F69: 6.8 | H69: =I69/'Assumptions + Income'!$G$7 -> 12.75 | I69: =E69*F69 -> 2550 | L69: Superior = 3% and not trucking costs
C70: Selling Comm/Yardage | D70: dollars | E70: ='Assumptions + Income'!L36 -> 394270 | F70: 0.02 | H70: =I70/'Assumptions + Income'!$G$7 -> 39.427 | I70: =E70*F70 -> 7885.4
C71: Beef Promotion | D71: head | E71: ='Assumptions + Income'!D36 -> 171 | F71: 1.5 | H71: =I71/'Assumptions + Income'!$G$7 -> 1.2825 | I71: =E71*F71 -> 256.5
C72: Brand Inspection | D72: head | E72: ='Assumptions + Income'!D36 -> 171 | F72: 1.5 | H72: =I72/'Assumptions + Income'!$G$7 -> 1.2825 | I72: =E72*F72 -> 256.5
C73: Health Inspection | D73: head | E73: ='Assumptions + Income'!D36 -> 171 | F73: 0.4 | H73: =I73/'Assumptions + Income'!$G$7 -> 0.342 | I73: =E73*F73 -> 68.4 | L73: La Junta Livestock
C74: Lodging/Meals Etc. | H74: =I74/'Assumptions + Income'!$G$7 -> 0 | I74: 0
C75: Hedging Expense | H75: =I75/'Assumptions + Income'!$G$7 -> 0 | I75: 0
C76: Other | H76: =I76/'Assumptions + Income'!$G$7 -> 44.175 | I76: =(98*90)+15 -> 8835 | L76: Crop Insurance = RP=$98/steer+ PRF = $15/cow
C78: Subtotal of Marketing | H78: =SUM(H69:H73) -> 55.084 | I78: =SUM(I69:I73) -> 11016.8
C80: Machinery & Equipment
H81: Cost
C82: Description | H82: Per Cow | I82: Per Herd
C84: Fuel and Lubrication | H84: =I84/'Assumptions + Income'!$G$7 -> 50 | I84: 10000
C85: Maint. and Repairs | H85: =I85/'Assumptions + Income'!$G$7 -> 0 | I85: 0
C86: Equipment Leases | H86: =I86/'Assumptions + Income'!$G$7 -> 0 | I86: 0
C87: Machine Hire | H87: =I87/'Assumptions + Income'!$G$7 -> 0 | I87: 0
C88: Other | H88: =I88/'Assumptions + Income'!$G$7 -> 0 | I88: 0
C90: Subtotal of Machinery and Equipment | H90: =SUM(H84:H89) -> 50 | I90: =SUM(I84:I89) -> 10000
C92: LABOR
H93: Cost
C94: Description | H94: Per Cow | I94: Per Herd
C96: Wages | H96: =I96/'Assumptions + Income'!$G$7 -> 250 | I96: 50000
C97: FICA | F97: 0.08 | H97: =I97/'Assumptions + Income'!$G$7 -> 20 | I97: =I96*F97 -> 4000
C98: Employee Benefits | H98: =I98/'Assumptions + Income'!$G$7 -> 30 | I98: 6000 | L98: side-by-side
C99: Contract Labor | H99: =I99/'Assumptions + Income'!$G$7 -> 0 | I99: 0
C100: Professional Fees | H100: =I100/'Assumptions + Income'!$G$7 -> 0 | I100: 0
C101: Workman's Comp | H101: =I101/'Assumptions + Income'!$G$7 -> 0 | I101: 0
C102: Other | H102: =I102/'Assumptions + Income'!$G$7 -> 75 | I102: 15000
C104: Subtotal of Labor | H104: =SUM(H96:H103) -> 375 | I104: =SUM(I96:I103) -> 75000
C106: INTEREST
E107: Term | H107: Cost
C108: Description | D108: Principal | E108: (years) | F108: Rate | H108: Per Cow | I108: Per Herd
C110: Operating Borrowings | D110: =(I14+I25+I37+I52+I63+I78+I90+I104) -> 264581.8 | E110: 0.5 | F110: 0.0825 | H110: =I110/'Assumptions + Income'!$G$7 -> 54.569996 | I110: =D110*E110*F110 -> 10913.999
C111: Non-Real Estate | H111: =I111/'Assumptions + Income'!$G$7 -> 0 | I111: 0
C112: Real Estate | H112: =I112/'Assumptions + Income'!$G$7 -> 0 | I112: 0
C113: Other Interest | H113: =I113/'Assumptions + Income'!$G$7 -> 0 | I113: 0
C115: Subtotal of Interest | H115: =SUM(H110:H114) -> 54.569996 | I115: =SUM(I110:I114) -> 10913.999
C117: DEPRECIATION
H118: Cost
C119: Description | D119: Unit | E119: Quantity | H119: Per Cow | I119: Per Herd
C121: Depreciation - Bldg & Equip | H121: =I121/'Assumptions + Income'!$G$7 -> 0 | I121: 0
C122: Depreciation - Bulls | H122: =I122/'Assumptions + Income'!$G$7 -> 36 | I122: =(8*4500)/5 -> 7200 | L122: * (8 bulls @ $4500) /5 years
C123: Depreciation - Other | H123: =I123/'Assumptions + Income'!$G$7 -> 0 | I123: 0
C125: Subtotal of Depreciation | H125: =SUM(H121:H124) -> 36 | I125: =SUM(I121:I124) -> 7200
C127: OVERHEAD
H128: Cost | L128: Crops = $340 per acre. What should it be for cows?
...
